 Dungeon Crawl Stone Soup version 0.31-a0-167-g1c394c0614 (webtiles) character file.

Game seed: 8851199943806273404

8241 qw the Cleaver (level 11, 0/69 HPs)
             Began as a Gargoyle Fighter on June 14, 2023.
             Was a Priest of Okawaru.
             Slain by a death yak (12 damage)
             ... led by a torpor snail
             ... on level 1 of the Lair of Beasts.
             The game lasted 00:04:41 (9257 turns).

qw the Cleaver (Gargoyle Fighter)                   Turns: 9257, Time: 00:04:41

Health: 0/69       AC: 28    Str: 24    XL:     11   Next: 27%
Magic:  12/14      EV:  9    Int:  9    God:    Okawaru [***...]
Gold:   563        SH:  6    Dex:  9    Spells: 10/10 levels left

rFire   . . .        Y - +2 war axe
rCold   . . .        c - +0 buckler
rNeg    + . .        m - +0 plate armour
rPois   inf          (no helmet)
rElec   +            a - +0 cloak
rCorr   .            j - +0 pair of gloves
SInv    .            e - +0 pair of boots
Will    .....        (no amulet) Stlth
                     (no ring)
HPRegen 1.11/turn    (no ring)
MPRegen 0.14/turn

%: no passive effects
@: about to teleport, heroic, slowed, very slow
A: sickness immunity, AC +8, negative energy resistance 1, electricity
resistance, torment resistance 1, petrification resistance, claws 1, hooves 1,
regeneration 1
a: Renounce Religion, Heroism


You were on level 1 of the Lair of Beasts.
You worshipped Okawaru.
Okawaru was most pleased with you.
You visited 2 branches of the dungeon, and saw 10 of its levels.
You also visited: Sewer.

You collected 563 gold pieces.


Innate Abilities, Weirdness & Mutations

You are immune to sickness and miasma.
Your stone body is resilient. (AC +8)
You are immune to poison.
You resist negative energy. (rN+)
You are resistant to electric shocks. (rElec)
You are resistant to unholy torment.
You are immune to petrification.
You have sharp fingernails.
You have large cloven feet.
Your natural rate of healing is unusually fast.


   Skills:
 + Level 8.6(13.6) Fighting
 - Level 11.1(16.1) Axes
 - Level 3.2(8.2) Throwing
 - Level 8.0(13.0) Armour
 - Level 1.4(6.4) Dodging
 - Level 6.3(11.3) Shields
 - Level 4.0 Invocations


You had 10 spell levels left.
You didn't know any spells.
Your spell library was empty.

Inventory:

Hand Weapons
 g - a +0 morningstar
 Y - a +2 war axe (weapon)
Missiles
 l - a boomerang
 n - 6 javelins (quivered)
Armour
 a - a +0 cloak (worn)
 c - a +0 buckler (worn)
 e - a +0 pair of boots (worn)
 j - a +0 pair of gloves (worn)
 m - a +0 plate armour (worn)
 q - a +1 chain mail of cold resistance
 s - the +3 hat of Pondering {ponderous, Will+ MP+10 Int+5}
   (You took it off Gastronok on level 8 of the Dungeon)

   Int:       It affects your intelligence (+5).
   MP:        It affects your magic capacity (+10).
   Will:      It increases your willpower.
Jewellery
 p - an amulet of guardian spirit
 r - a ring of ice
Scrolls
 b - 4 scrolls of teleportation
 t - 3 scrolls of identify
Potions
 d - 3 potions of might
 f - 3 potions of heal wounds
 h - a potion of resistance
 i - 2 potions of haste
 k - a potion of magic
 o - a potion of mutation
 w - a potion of lignification

Dungeon Overview and Level Annotations

Branches:
Dungeon (9/15)             Temple (0/1) D:7            Lair (1/5) D:9
  Sewer (visited)
    Orc: D:9-12

Altars:
Cheibriados
Elyvilon
Gozag
Okawaru
Ru
Sif Muna
Uskayaw
Yredelemnul
The Shining One

Annotations:
D:6 2 transporters, qw's ghost, novice MiHu


Message History

You hit the plant. You block the death yak's attack.
The yak snorts and paws the ground.
You slash the yak!
The yak is almost dead.
You hit the plant. You slash the death yak!
The death yak gores you but does no damage.
You hit the death yak but do no damage.
The death yak is lightly wounded.
You slash the plant! You slash the death yak!
A nearby plant withers and dies.
The death yak gores you but does no damage.
You slash the yak!
You kill the yak!
Okawaru accepts your kill.
You hit the death yak. You barely miss the death yak. The death yak gores you!!
You slice the yak!!
You kill the yak!
Okawaru accepts your kill.
You slash the death yak! You hit the death yak.
The death yak gores you but does no damage. x2
You hit the death yak.
The death yak is moderately wounded.
You slash the yak! You barely miss the death yak.
You feel like a meek peon again. The death yak gores you!
The death yak gores you!! The yak gores you but does no damage.
9256 ||| INVOKING Heroism.
You gain the combat prowess of a mighty hero.
The yak closely misses you. The death yak barely misses you.
The death yak gores you. The yak gores you!
The yak gores you but does no damage. The death yak gores you.
9257 ||| READING 5 scrolls of teleportation.
As you read the scroll of teleportation, it crumbles to dust.
You feel strangely unstable. You block the yak's attack.
The yak snorts and paws the ground.
The yak closely misses you. The death yak gores you!
You die...

#..((.... ........
#...... # #......#.#
##.?.......
#...Y......
#.Yw#.....#
#.Y@#......
##..Y.#...
##....#...#...
#.............
##........#...
#....#...P......#..
##..#.#..........#.#
#...#.#............#
##....P.#.#......)..


You could see 2 death yaks, a torpor snail and 2 yaks.

Vanquished Creatures
  Gastronok (D:8)
  Erolcha (D:9)
  Maurice (D:9)
  A cane toad (Lair:1)
  A polar bear (Lair:1)
  3 wyverns
  2 yaks (Lair:1)
  A shadow (D:9)
  A basilisk (Lair:1)
  A steam dragon (D:7)
  3 water moccasins
  An acid dragon (D:6)
  4 orc warriors (D:9)
  An ice beast (D:7)
  5 ogres
  3 centaurs
  3 phantoms
  5 kobold brigands
  6 bullfrogs
  3 scorpions
  9 wights
  A water moccasin zombie (D:6)
  A water moccasin skeleton (D:6)
  4 killer bees (D:9)
  7 howler monkeys
  5 hounds
  A bullfrog skeleton (D:6)
  A jelly (D:6)
  2 sleepcaps (D:5)
  Natasha (thrice) (D:2)
  10 orc wizards
  An iguana (D:4)
  A killer bee zombie (D:6)
  A howler monkey zombie (D:6)
  13 adders
  8 gnolls
  A shadow imp (D:8)
  2 white imps
  5 worms
  2 dart slugs
  21 orcs
  7 ball pythons
  7 bats
  4 endoplasms
  5 giant cockroaches
  9 goblins
  4 hobgoblins
  5 jackals
  5 quokkas
  6 frilled lizards
  27 kobolds
  7 rats
  A butterfly (D:7)
233 creatures vanquished.

Notes
Turn   | Place    | Note
-------+----------+-------------------------------------------
     0 | D:1      | qw the Gargoyle Fighter began the quest for the Orb.
     0 | D:1      | Reached XP level 1. HP: 14/14 MP: 1/1
     0 | D:1      | 0 ||| qw: Version: 0.2-a-29-g1fa15c8
     0 | D:1      | 0 ||| qw: Game counter: 5107
     0 | D:1      | 0 ||| qw: Always use a shield: true
     0 | D:1      | 0 ||| qw: God list: Okawaru
     0 | D:1      | 0 ||| qw: Allow faded altars: false
     0 | D:1      | 0 ||| qw: Do Orc after D:15 true
     0 | D:1      | 0 ||| qw: Do second Lair branch before Depths: true
     0 | D:1      | 0 ||| qw: Lair rune preference: random
     0 | D:1      | 0 ||| qw: Plans: Normal, Zot:1-4, Slime:5, God:TSO, Crypt,
                  | Tomb, Abyss, Pan, Hells, Win
     0 | D:1      | 0 ||| PLANNING D:1-11
    49 | D:1      | Reached skill level 2 in Axes
   187 | D:1      | Reached XP level 2. HP: 19/19 MP: 2/2
   214 | D:1      | 214 ||| Stepping ~*~*~tactically~*~*~ (hiding).
   295 | D:1      | 295 ||| Stepping ~*~*~tactically~*~*~ (stealth).
   394 | D:1      | 394 ||| DROPPING +0 club.
   642 | D:1      | 642 ||| DROPPING +0 whip.
   768 | D:1      | 768 ||| UPGRADING to +0 pair of boots.
   773 | D:1      | 773 ||| READING 2 scrolls labelled QOSMOC MEERI.
   774 | D:1      | 774 ||| READING 2 scrolls labelled INISEOVOIX.
   775 | D:1      | 775 ||| DRINKING 2 metallic puce potions.
   879 | D:1      | 879 ||| DROPPING potion of berserk rage.
   880 | D:1      | 880 ||| DROPPING scroll of vulnerability.
   957 | D:2      | Reached skill level 3 in Axes
  1024 | D:2      | Reached XP level 3. HP: 23/23 MP: 3/3
  1034 | D:2      | 1034 ||| DROPPING +2 whip of flaming.
  1095 | D:2      | 1095 ||| Stepping ~*~*~tactically~*~*~ (stealth).
  1297 | D:2      | Noticed Natasha
  1304 | D:2      | Killed Natasha
  1305 | D:2      | Reached XP level 4. HP: 21/28 MP: 4/4
  1355 | D:2      | Noticed Natasha
  1356 | D:2      | 1356 ||| Stepping ~*~*~tactically~*~*~ (hiding).
  1380 | D:2      | Killed Natasha
  1381 | D:2      | Reached skill level 4 in Axes
  1539 | D:2      | Noticed Natasha
  1545 | D:2      | Killed Natasha
  1546 | D:2      | Reached XP level 5. HP: 27/32 MP: 5/5
  1845 | D:2      | 1845 ||| READING scroll labelled QULOAS CIURR.
  1846 | D:2      | 1846 ||| READING scroll labelled RANIC ISIORI.
  2184 | D:3      | Found a snail-covered altar of Cheibriados.
  2195 | D:3      | Reached skill level 5 in Axes
  2217 | D:3      | Identified the +5 leather armour of Parts Unknown {Str+3}
  2334 | D:3      | Found a faded altar of an unknown god.
  2384 | D:3      | Found a hide-covered altar of Uskayaw.
  2385 | D:3      | Noticed a +0 dagger
  2385 | D:3      | Noticed a +0 dagger
  2543 | D:3      | 2543 ||| UPGRADING to +0 pair of gloves.
  2548 | D:3      | 2548 ||| UPGRADING to +5 leather armour of Parts Unknown
                  | {Str+3}.
  2558 | D:3      | 2558 ||| DROPPING +0 scale mail.
  2559 | D:3      | 2559 ||| UPGRADING to +1 ring mail of cold resistance.
  2569 | D:3      | 2569 ||| UPGRADING to amulet of guardian spirit.
  2574 | D:3      | 2574 ||| READING scroll labelled HIPLYA ROYRCH.
  2575 | D:3      | 2575 ||| DRINKING 2 lumpy white potions.
  2576 | D:3      | 2576 ||| DROPPING potion of brilliance.
  2589 | D:4      | 2589 ||| PLANNING SEWER
  2708 | D:4      | Reached skill level 1 in Dodging
  2717 | D:4      | Identified the +1 sling "Zuniruvo" {antimagic, rElec rC+
                  | Will- Dex+3}
  2781 | D:4      | 2781 ||| Stepping ~*~*~tactically~*~*~ (hiding).
  2782 | D:4      | 2782 ||| Stepping ~*~*~tactically~*~*~ (hiding).
  2900 | D:4      | Found a glowing drain.
  2919 | D:4      | Reached XP level 6. HP: 38/38 MP: 6/6
  2931 | Sewer    | Entered a sewer
  3105 | Sewer    | 3105 ||| Stepping ~*~*~tactically~*~*~ (water).
  3222 | Sewer    | 3222 ||| DROPPING +5 leather armour of Parts Unknown
                  | {Str+3}.
  3223 | Sewer    | 3223 ||| UPGRADING to +0 plate armour.
  3233 | Sewer    | 3233 ||| DROPPING +1 ring mail of cold resistance.
  3234 | Sewer    | 3234 ||| READING scroll labelled WAHOITS QO ROL.
  3239 | Sewer    | 3239 ||| READING scroll labelled XIHI MAGURAR.
  3240 | Sewer    | 3240 ||| DRINKING 3 fizzy purple potions.
  3241 | Sewer    | 3241 ||| DRINKING 2 glowing puce potions.
  3241 | Sewer    | Gained mutation: You have sharp fingernails. [potion of
                  | mutation]
  3241 | Sewer    | Gained mutation: Your natural rate of healing is unusually
                  | fast. [potion of mutation]
  3241 | Sewer    | Gained mutation: You have large cloven feet. [potion of
                  | mutation]
  3242 | Sewer    | 3242 ||| READING 3 scrolls of identify.
  3242 | Sewer    | 3242 ||| IDENTIFYING purple potion
  3243 | Sewer    | 3243 ||| READING 2 scrolls of identify.
  3243 | Sewer    | 3243 ||| IDENTIFYING bubbling puce potion
  3244 | Sewer    | 3244 ||| DROPPING 2 potions of invisibility.
  3265 | D:4      | 3265 ||| PLANNING D:1-11
  3481 | D:4      | 3481 ||| DRINKING potion of curing.
  3481 | D:4      | 3481 ||| (to cure confusion)
  3483 | D:4      | Reached skill level 6 in Axes
  3502 | D:4      | Reached XP level 7. HP: 39/43 MP: 5/7
  3749 | D:4      | 3749 ||| DRINKING 2 sedimented clear potions.
  3750 | D:4      | 3750 ||| READING 3 scrolls of identify.
  3750 | D:4      | 3750 ||| IDENTIFYING yellow potion
  3751 | D:4      | 3751 ||| READING 2 scrolls of identify.
  3751 | D:4      | 3751 ||| IDENTIFYING inky potion
  3752 | D:4      | 3752 ||| DROPPING potion of degeneration.
  3778 | D:5      | Entered Level 5 of the Dungeon
  3786 | D:5      | 3786 ||| STAIRDANCE
  3816 | D:5      | 3816 ||| Stepping ~*~*~tactically~*~*~ (hiding).
  3817 | D:5      | 3817 ||| Stepping ~*~*~tactically~*~*~ (hiding).
  3822 | D:5      | Reached skill level 7 in Axes
  3935 | D:5      | Reached XP level 8. HP: 46/48 MP: 6/8
  4032 | D:5      | 4032 ||| DROPPING +0 mace.
  4134 | D:5      | 4134 ||| Stepping ~*~*~tactically~*~*~ (stealth).
  4143 | D:5      | Reached skill level 8 in Axes
  4154 | D:5      | 4154 ||| Stepping ~*~*~tactically~*~*~ (stealth).
  4158 | D:5      | 4158 ||| Stepping ~*~*~tactically~*~*~ (stealth).
  4159 | D:5      | 4159 ||| Stepping ~*~*~tactically~*~*~ (stealth).
  4160 | D:5      | 4160 ||| Stepping ~*~*~tactically~*~*~ (stealth).
  4161 | D:5      | 4161 ||| Stepping ~*~*~tactically~*~*~ (stealth).
  4182 | D:5      | 4182 ||| Stepping ~*~*~tactically~*~*~ (stealth).
  4846 | D:5      | 4846 ||| DRINKING 2 fuming orange potions.
  4866 | D:6      | Found a transporter.
  4869 | D:6      | Noticed qw's ghost (novice MiHu)
  4873 | D:6      | 4873 ||| Stepping ~*~*~tactically~*~*~ (stealth).
  4888 | D:6      | Found a transporter.
  4904 | D:6      | 4904 ||| Stepping ~*~*~tactically~*~*~ (stealth).
  4907 | D:6      | 4907 ||| Stepping ~*~*~tactically~*~*~ (stealth).
  4921 | D:6      | Reached skill level 6 in Fighting
  5020 | D:6      | 5020 ||| FLEEEEING.
  5021 | D:6      | 5021 ||| FLEEEEING.
  5022 | D:6      | 5022 ||| FLEEEEING.
  5023 | D:6      | 5023 ||| FLEEEEING.
  5029 | D:6      | 5029 ||| FLEEEEING.
  5030 | D:6      | 5030 ||| FLEEEEING.
  5189 | D:6      | Reached XP level 9. HP: 55/55 MP: 9/9
  5191 | D:6      | Reached skill level 9 in Axes
  5531 | D:6      | 5531 ||| Stepping ~*~*~tactically~*~*~ (hiding).
  5644 | D:6      | 5644 ||| READING scroll of enchant weapon.
  5644 | D:6      | 5644 ||| ENCHANTING +1 war axe.
  5694 | D:6      | Reached skill level 6 in Armour
  6121 | D:6      | 6121 ||| READING scroll labelled XOCOIN KOERRAN.
  6161 | D:7      | Found an iron altar of Okawaru.
  6162 | D:7      | 6162 ||| PLANNING OKAWARU WORSHIP
  6167 | D:7      | Reached skill level 1 in Throwing
  6194 | D:7      | Became a worshipper of Warmaster Okawaru
  6195 | D:7      | 6195 ||| PLANNING D:1-11
  6195 | D:7      | 6195 ||| REMOVING amulet of guardian spirit.
  6442 | D:7      | 6442 ||| Stepping ~*~*~tactically~*~*~ (hiding).
  6584 | D:7      | Found a shimmering blue altar of Sif Muna.
  6715 | D:7      | Found a staircase to the Ecumenical Temple.
  6842 | D:7      | 6842 ||| Stepping ~*~*~tactically~*~*~ (hiding).
  6906 | D:7      | 6906 ||| DRINKING potion of curing.
  6906 | D:7      | 6906 ||| (to cure confusion)
  7035 | D:8      | Noticed Gastronok
  7051 | D:8      | HP: 13/57 [Gastronok/the air (16)]
  7052 | D:8      | 7052 ||| READING 6 scrolls of teleportation.
  7053 | D:8      | 7053 ||| DRINKING 4 potions of heal wounds.
  7053 | D:8      | HP: 6/57 [Gastronok/the air (32)]
  7054 | D:8      | 7054 ||| DRINKING 3 potions of heal wounds.
  7149 | D:8      | Reached * piety under Okawaru
  7165 | D:8      | 7165 ||| Stepping ~*~*~tactically~*~*~ (hiding).
  7475 | D:8      | 7475 ||| Stepping ~*~*~tactically~*~*~ (stealth).
  7484 | D:8      | Reached skill level 1 in Invocations
  7563 | D:8      | 7563 ||| Stepping ~*~*~tactically~*~*~ (hiding).
  7569 | D:8      | 7569 ||| INVOKING Heroism.
  7587 | D:8      | Killed Gastronok
  7587 | D:8      | Reached ** piety under Okawaru
  7588 | D:8      | Reached skill level 11 in Axes
  7588 | D:8      | Reached XP level 10. HP: 47/63 MP: 8/10
  7907 | D:8      | 7907 ||| Stepping ~*~*~tactically~*~*~ (hiding).
  8093 | D:9      | Noticed Maurice
  8115 | D:9      | Killed Maurice
  8120 | D:9      | 8120 ||| Stepping ~*~*~tactically~*~*~ (hiding).
  8265 | D:9      | 8265 ||| DRINKING potion of curing.
  8265 | D:9      | 8265 ||| (to cure confusion)
  8275 | D:9      | 8275 ||| Stepping ~*~*~tactically~*~*~ (hiding).
  8278 | D:9      | 8278 ||| INVOKING Heroism.
  8283 | D:9      | Reached skill level 3 in Invocations
  8306 | D:9      | Found an opulent altar of Gozag.
  8306 | D:9      | Found a glowing golden altar of the Shining One.
  8312 | D:9      | Found a staircase to the Lair.
  8321 | D:9      | 8321 ||| Stepping ~*~*~tactically~*~*~ (stealth).
  8324 | D:9      | 8324 ||| Stepping ~*~*~tactically~*~*~ (hiding).
  8336 | D:9      | 8336 ||| Stepping ~*~*~tactically~*~*~ (hiding).
  8364 | D:9      | 8364 ||| INVOKING Heroism.
  8427 | D:9      | Reached *** piety under Okawaru
  8490 | D:9      | Reached skill level 3 in Throwing
  8521 | D:9      | 8521 ||| INVOKING Heroism.
  8639 | D:9      | Identified the +8 quarterstaff of the Morning {freeze, rC-
                  | Int+8 Dex+3}
  8650 | D:9      | 8650 ||| INVOKING Heroism.
  8761 | D:9      | Noticed Erolcha
  8762 | D:9      | 8762 ||| INVOKING Heroism.
  8778 | D:9      | Killed Erolcha
  8779 | D:9      | Reached skill level 6 in Shields
  8779 | D:9      | Reached XP level 11. HP: 31/68 MP: 12/14
  8813 | D:9      | Found a sacrificial altar of Ru.
  8816 | D:9      | Found a basalt altar of Yredelemnul.
  8817 | D:9      | Found a white marble altar of Elyvilon.
  8880 | D:9      | 8880 ||| PLANNING LAIR
  8880 | D:9      | 8880 ||| UPGRADING to +0 cloak.
  8885 | D:9      | 8885 ||| READING scroll labelled XYOTYSHUXIE.
  8886 | D:9      | 8886 ||| READING 5 scrolls of identify.
  8886 | D:9      | 8886 ||| IDENTIFYING clear potion
  8887 | D:9      | 8887 ||| READING 4 scrolls of identify.
  8887 | D:9      | 8887 ||| IDENTIFYING metallic sapphire potion
  8888 | D:9      | 8888 ||| DROPPING potion of ambrosia.
  8904 | Lair:1   | Entered Level 1 of the Lair of Beasts
  8991 | Lair:1   | 8991 ||| INVOKING Heroism.
  9034 | Lair:1   | 9034 ||| Stepping ~*~*~tactically~*~*~ (hiding).
  9035 | Lair:1   | 9035 ||| Stepping ~*~*~tactically~*~*~ (hiding).
  9048 | Lair:1   | 9048 ||| Stepping ~*~*~tactically~*~*~ (stealth).
  9050 | Lair:1   | 9050 ||| INVOKING Heroism.
  9172 | Lair:1   | 9172 ||| Stepping ~*~*~tactically~*~*~ (stealth).
  9243 | Lair:1   | Noticed a death yak
  9244 | Lair:1   | 9244 ||| INVOKING Heroism.
  9245 | Lair:1   | Noticed a death yak
  9256 | Lair:1   | 9256 ||| INVOKING Heroism.
  9256 | Lair:1   | HP: 15/69 [yak[a torpor snail] (10)]
  9257 | Lair:1   | 9257 ||| READING 5 scrolls of teleportation.
  9257 | Lair:1   | Slain by a death yak

Levels and vault maps discovered:
D:1:      nicolae_arrival_washed_ashore, layout_loops_ring
D:2:      layout_basic, uniq_natasha
D:3:      layout_basic, kennysheep_slug_shrine, dancing_weapons_uskayaw,
          shapermc_ecumenical_altar_totnotflames, kennysheep_generic_room_2
D:4:      layout_loops_ring, gup_sewer_entry_glass, grunt_ministairs_3,
          dk_vineyard_3, st_stairs_14
D:5:      layout_basic, minmay_crossroads
D:6:      layout_layer_cave, serial_undead, serial_undead_c, serial_undead_d,
          serial_undead_b, serial_undead_e, serial_undead_b,
          gammafunk_ghost_stat_death
D:7:      layout_loops_ring, led_sif_pool, mainiacjoe_overflow_24_doors,
          minmay_temple_entry_butterflies, wad_rectangle_vault
D:8:      layout_basic, kennysheep_generic_room_3, uniq_gastronok
D:9:      kennysheep_six_static_rooms, layout_rooms, minitemple,
          gammafunk_temple_overflow_wave, uniq_maurice, uniq_erolcha
Lair:1:   layout_long_grid, grunt_megastairs_2

Skill      XL: |  1  2  3  4  5  6  7  8  9 10 11 |
---------------+----------------------------------+-----
Axes           | 2 3 4 5 6 7 8 11 | 11.1
Dodging        | 1 |  1.4
Fighting       | 4 6 7 8 |  8.6
Armour         | 4 5 6 7 8 |  8.0
Shields        | 4 6 |  6.3
Throwing       | 2 3 |  3.2
Invocations    | 1 4 |  4.0

Action                     |  1- 3 |  4- 6 |  7- 9 | 10-12 || total
---------------------------+-------+-------+-------+-------++-------
  Melee: War axe           |    86 |   218 |   370 |   165 ||   839
  Throw: Boomerang         |       |    45 |     7 |     8 ||    60
         Javelin           |       |       |    18 |    25 ||    43
 Invoke: Heroism           |       |       |     1 |     9 ||    10
    Use: Scroll            |     2 |     7 |     5 |     4 ||    18
         Potion            |     1 |     4 |     5 |     1 ||    11
 Armour: Scale mail        |    37 |    53 |       |       ||    90
         Ring mail         |       |    57 |       |       ||    57
         Plate armour      |       |    58 |   240 |    92 ||   390
  Dodge: Dodged            |    32 |    95 |   111 |    54 ||   292
  Block: Buckler           |    18 |    45 |    57 |    26 ||   146

Table legend:
 A = Non-vault XP
 B = Vault XP
 C = Vault XP percentage of total XP
 D = Non-vault monster count
 E = Vault monster count
 F = Vault count percentage of total count
                 A         B        C        D         E       F
            +---------+---------+-------+---------+---------+-------
      Total |    5939 |    5835 |  49.6 |     159 |      73 |  31.5
            +---------+---------+-------+---------+---------+-------
        D:1 |      28 |       0 |   0.0 |      16 |       0 |   0.0
        D:2 |     127 |      36 |  22.1 |      18 |       1 |   5.3
        D:3 |      31 |      20 |  39.2 |      12 |       5 |  29.4
        D:4 |     382 |     128 |  25.1 |      18 |      11 |  37.9
        D:5 |     896 |     195 |  17.9 |      21 |       2 |   8.7
        D:6 |     736 |     333 |  31.2 |      22 |       6 |  21.4
        D:7 |     746 |     368 |  33.0 |      10 |       6 |  37.5
        D:8 |     267 |    1529 |  85.1 |       8 |       2 |  20.0
        D:9 |    1687 |    2225 |  56.9 |      29 |       8 |  21.6
     Lair:1 |    1039 |     774 |  42.7 |       5 |       4 |  44.4
      Sewer |       0 |     227 | 100.0 |       0 |      28 | 100.0
            +---------+---------+-------+---------+---------+-------
